Match 43453143
Unlisted

Match 43453143
End
Construct Section Command Post
Infantry Section
Infantry Section
Infantry Section
Grenade Package
Dingo Light Scout Car
Construct Platoon Command Post
Royal Engineer Section
Selects Artillery Saturation
Unlock M3 Stuart Light Tanks
Selects War Cry
Vickers Machine Gun Team
M3 Stuart Light Tank
Construct Field Infirmary
Vickers Machine Gun Team
Selects Gurkha Rifles Section
CMP 15cwt Truck
Royal Engineer Section
Unlock Bishop Self-propelled Artillery
Gurkha Rifles Section
M3 Stuart Light Tank
Bishop Self-propelled Artillery
Selects Volunteer Infantry
6-pounder Anti-tank Gun Team
Gurkha Rifles Section
Selects Off-map Airburst Barrage
Construct Company Command Post
Off-map Airburst Barrage
Selects BL5.5 Artillery Emplacement
Crusader II Medium Tank
Gurkha Rifles Section
Gurkha Rifles Section
Gurkha Rifles Section
Matilda II Heavy Tank
Off-map Airburst Barrage
Crusader II Medium Tank
Unlock M3 Grant Medium Tanks
M3 Grant Medium Tank
Gurkha Rifles Section
Off-map Airburst Barrage
Off-map Airburst Barrage
Gurkha Rifles Section
Crusader II Medium Tank
M3 Grant Medium Tank
Gurkha Rifles Section
Gurkha Rifles Section
Off-map Airburst Barrage
Gurkha Rifles Section
Off-map Airburst Barrage
Gurkha Rifles Section
Royal Engineer Section
Selects Indian Artillery Battlegroup
Selects Indian Artillery Battlegroup
CPU - Expert
CPU - Expert
CPU - Expert
polo2B
Ursa Major
Nap
0
0

Comments sign in to comment!

No comments posted yet!